cohdb
Replays
Latest Replays
All Replays
Popular Replays
Top Player Replays
Match Explorer
How It Works
Community
CoH3 Stats
Reddit
Sign in to upload your games and track your stats! →
Sign in with Steam
Match 42534136
Unlisted
Match 42534136
Overview
Messages
Build Orders
End
Panzergrenadier Squad
Selects Armored Support Battlegroup
Panzerpioneer Squad
250 Light Carrier
Construct Light Support Kompanie
MG34 Team
Combat Half-tracks
Fire Support Elements
Selects Salvage Kits
Selects Veteran Gunners
Flakvierling Half-track
Panzerjäger Mechanized Group
Vehicle Survival Package
MG34 Team
Construct Panzerarmee Kommand
Selects Flammpanzer III Medium Tank
Panzer III L Medium Tank
Emergency Repair Kits
Pak 38 Anti-tank Gun Team
Panzer III L Medium Tank
Selects Command Panzer IV F Medium Tank
Flammpanzer III Medium Tank
Dave
High Testosterone Player
1st SubStar
zxcv
0
0
Comments
sign in to comment!
No comments posted yet!